Cogmind - Beta 16.1 @@@ ROGUE MODE // 2026.04.09 @ 03:31:08 Player: zacyquack Result: Destroyed by TX-WFQ(R) with Subdweller Machine Gun Performance ------------- Evolutions (0) 0 Regions Visited (3) 600 Robots Destroyed (18) 90 Value Destroyed (517) 517 Prototype IDs (0) 0 Alien Tech Used (0) 0 Bonus (-23) -23 TOTAL SCORE: 1184 Bonus ------- Friendly Fire -23 Cogmind --------- Core Integrity 0/250 Matter 212/300 Energy 247/250 System Corruption 1% Temperature Cool (6) Movement Walking (260) Ox2 Location -10/Subcaves Parts ------- > --- POWER (1) -------- Ion Engine > --- PROPULSION (2) --- Aluminum Leg > --- UTILITY (2) ------ Medium Storage Unit Signal Interpreter > --- WEAPON (2) ------- Beam Rifle Grenade Launcher > --- INVENTORY (10) --- Flight Unit Flight Unit Flight Unit Flight Unit Scrap Shield Small Laser Light Cannon Datajack Peak State ------------ > --- POWER ------------ Light Nuclear Core > --- PROPULSION ------- Aluminum Leg Aluminum Leg > --- UTILITY ---------- Medium Storage Unit Signal Interpreter > --- WEAPON ----------- Small Laser Beam Rifle > --- INVENTORY -------- Ion Engine Flight Unit Flight Unit Flight Unit Flight Unit Scrap Shield Light Cannon Grenade Launcher Datajack [Rating: 11] Favorites ----------- Power Ion Engine Engine Ion Engine Power Core Light Nuclear Core Propulsion Aluminum Leg Leg Aluminum Leg Utility Signal Interpreter Storage Medium Storage Unit Processor Signal Interpreter Weapon Small Laser Energy Gun Small Laser Launcher Grenade Launcher Special Melee Weapon Datajack Build | -11 -10 -10 -10 ------- Run | Yrd Mat Min Sub Slots Evolved . | . . . . Power . | . . . . Propulsion . | . . . . Utility . | . . . . Weapon . | . . . . Parts Attached 20 | 6 8 2 4 Power 3 | 1 . 1 1 Engine 2 | 1 . . 1 Core 1 | . . 1 . Reactor . | . . . . Propulsion 6 | 2 4 . . Treads . | . . . . Leg 6 | 2 4 . . Wheel . | . . . . Hover . | . . . . Flight . | . . . . Utility 4 | 1 2 . 1 Device . | . . . . Storage 2 | 1 1 . . Processor 2 | . 1 . 1 Hackware . | . . . . Protection . | . . . . Artifact . | . . . . Weapon 7 | 2 2 1 2 Energy Gun 5 | 2 2 . 1 Energy Cannon . | . . . . Ballistic Gun . | . . . . Ballistic Cannon . | . . . . Launcher 1 | . . . 1 Special Weapon . | . . . . Impact Weapon . | . . . . Slashing Weapon . | . . . . Piercing Weapon . | . . . . Special Melee Weapon 1 | . . 1 . Unidentified Prototypes . | . . . . Parts Lost 2 | . . . 2 Power 1 | . . . 1 Propulsion 1 | . . . 1 Utility . | . . . . Weapon . | . . . . Highest Loss Streak 1 | . . . 1 To Critical Strikes . | . . . . Average Backups 6 | 1 4 9 8 Power . | . 1 1 . Propulsion 1 | . 1 3 4 Utility . | . . 1 1 Weapon 1 | . 1 2 2 Tool/Special . | . . . . Unused Backups 8 | . 1 . 7 Power . | . . . . Propulsion 4 | . . . 4 Utility 3 | . 1 . 2 Weapon 1 | . . . 1 Tool/Special . | . . . . Average Slot Usage (%) 96 | . 94 100 98 Engine 11 | . 13 8 5 Core 2 | . . 5 7 Leg 28 | . 28 28 28 Storage 14 | . 14 14 14 Processor 10 | . 9 14 14 Energy Gun 26 | . 28 26 19 Launcher 1 | . . . 7 Peak Build Rating 11 | 6 7 10 11 Average Rating 7 | 3 6 8 9 On Entrance 5 | . 6 7 10 Avg Prop Armor Cover (%) . | . . . . Naked Turns . | . . . . Heaviest Build 21 | 12 17 17 21 Greatest Support 20 | 20 20 20 20 Greatest Overweight (x) 1 | 1 . . 1 Average Overweight (x) . | . . . . Largest Inventory Capacity 10 | 8 10 10 10 Average Capacity 9 | 7 9 10 10 Most Carried 10 | 5 9 10 10 Average Carried 6 | 1 4 9 9 Final Capacity 10 | 8 10 10 10 Final Carried 10 | 1 8 10 9 Class Distribution -------------------- 100% | Mutant Dominant Class ---------------- Mutant | -10/Materials Mutant | -10/Mines Mutant | -10/Subcaves Resources | -11 -10 -10 -10 ----------- Run | Yrd Mat Min Sub Matter Collected 394 | 232 95 25 42 Remotely . | . . . . Salvage Created 577 | . 323 143 111 Parts 38 | . 18 13 7 Haulers Intercepted . | . . . . Recyclers Shooed . | . . . . Parts Field Recycled . | . . . . Retrieved Matter . | . . . . Parts Self-Destructed 1 | . . . 1 Prevented . | . . . . Parts Restored . | . . . . Kills | -11 -10 -10 -10 ------- Run | Yrd Mat Min Sub Combat Hostiles Destroyed 15 | . 7 5 3 Guns 12 | . 7 5 . AOE 3 | . . . 3 Classes Destroyed 6 | . 3 1 2 Operator 1 | . 1 . . Watcher 2 | . 2 . . Swarmer 3 | . . 3 . Grunt 9 | . 7 2 . Artisan 1 | . . . 1 Subdweller 3 | . . . 3 Best Kill Streak 3 | . 2 3 3 Combat Bots Only 3 | . 2 3 3 Max Kills in Single Turn 3 | . 1 1 3 Gunslinging . | . . . . Exploded 3 | . . . 3 Melee . | . . . . Uniques/NPCs Destroyed . | . . . . Combat | -11 -10 -10 -10 -------- Run | Yrd Mat Min Sub Hostile Shots Fired 91 | . 53 18 20 Missed 21 | . 10 7 4 Hits 70 | . 43 11 16 Projectile 70 | . 43 11 16 Damage Taken 1028 | . 474 126 428 Core 271 | . 108 24 139 Absorbed by Shields . | . . . . Regen/Repaired (Parts) 24 | . 24 . . Core Remaining (%) 100 | 100 . . . Volleys Fired 67 | . 50 9 8 Largest 2 | . 2 2 2 Hottest 86 | . 80 80 86 Shots Fired 134 | . 100 18 16 Gun 127 | . 100 18 9 Cannon . | . . . . Launcher 7 | . . . 7 Special . | . . . . Kinetic . | . . . . Thermal 127 | . 100 18 9 Explosive 7 | . . . 7 Electromagnetic . | . . . . Robot Hit Streak 9 | . 9 3 5 Robot Miss Streak 4 | . 4 1 1 Penetration Max . | . . . . Secondary Targets . | . . . . Shots Hit Robots 80 | . 55 15 10 Core Hits 41 | . 21 8 12 Critical Kills . | . . . . Critical Parts Destroyed . | . . . . Critical Strikes 2 | . . . 2 Burn 2 | . . . 2 Melee Attacks 2 | . . 2 . Impact . | . . . . Slashing . | . . . . Piercing . | . . . . Sneak Attacks 2 | . . 2 . Combat Hostiles . | . . . . Follow-up Attacks . | . . . . Damage Inflicted 1642 | . 699 143 800 Guns 889 | . 679 143 67 Cannons . | . . . . Explosions 733 | . . . 733 Melee . | . . . . Ramming 20 | . 20 . . Kinetic . | . . . . Thermal 889 | . 679 143 67 Explosive 733 | . . . 733 Electromagnetic . | . . . . Impact . | . . . . Slashing . | . . . . Piercing . | . . . . Highest Corruption 1 | . 1 1 1 Average Corruption 1 | . 1 1 1 Corruption Purged . | . . . . Corruption Blocked . | . . . . Effects 7 | . 5 2 . Message Errors 2 | . 2 . . Matter Fused 1 | . 1 . . Data Loss (minor) 3 | . 1 2 . Data Loss (major) 1 | . 1 . . Overload Shots . | . . . . Overflow Damage . | . . . . Projectiles . | . . . . Explosions . | . . . . Melee . | . . . . Knockbacks . | . . . . Impact . | . . . . Kinetic . | . . . . Secondary . | . . . . Self-Inflicted Damage 97 | . . . 97 Shots 5 | . . . 5 Rammed . | . . . . Targets Rammed 4 | . 4 . . Kicked 4 | . 4 . . Crushed . | . . . . Highest Temperature 282 | . 282 135 . Average Temperature 84 | . 88 60 . Received Heat Transfer 351 | . 258 45 48 Siege Activations . | . . . . Martial Activations . | . . . . Shielding Activations . | . . . . Robots Disrupted . | . . . . Combat Hostiles . | . . . . Robots Corrupted . | . . . . Combat Hostiles . | . . . . Parts Fried . | . . . . Impact Corruptions . | . . . . Robots Melted . | . . . . Combat Hostiles . | . . . . Parts Melted 2 | . 2 . . Heat Transferred 2171 | . 1525 325 321 Parts Sabotaged . | . . . . Parts Stolen . | . . . . Parts Stripped . | . . . . Power Chain Reactions . | . . . . Alert | -11 -10 -10 -10 ------- Run | Yrd Mat Min Sub Maximum Alert Level . | . . . . Low Security (%) 100 | 100 100 100 . Level 1 . | . . . . Level 2 . | . . . . Level 3 . | . . . . Level 4 . | . . . . Level 5 . | . . . . High Security . | . . . . Max Security . | . . . . Peak Influence 69 | . 60 69 . Initial 9 | . . 9 . Average 19 | . 13 44 . Influence Increases 319 | . 199 120 . Destroy 0b10 Robot/C 240 | . 140 100 . Destroy 0b10 Robot/NC 15 | . 15 . . Destroy Leader 64 | . 44 20 . Influence Decreases 319 | . 173 127 19 Entered New Map 28 | . . 17 11 Time Decay 291 | . 173 110 8 Squads Dispatched 4 | . 4 . . Investigation 3 | . 3 . . Extermination . | . . . . Reinforcement 1 | . 1 . . Assault . | . . . . Garrison . | . . . . Intercept . | . . . . Searches Triggered . | . . . . Construction Impeded . | . . . . Haulers Reinforced . | . . . . Active Scanning Responses . | . . . . Cargo Convoy Interrupts . | . . . . Stealth | -11 -10 -10 -10 --------- Run | Yrd Mat Min Sub Distress Signals . | . . . . Communications Jammed . | . . . . Distress Signals . | . . . . Times Spotted 29 | . 14 5 10 Peak Tracking Total 7 | . 2 3 7 Tactical Retreats . | . . . . Traps | -11 -10 -10 -10 ------- Run | Yrd Mat Min Sub Traps Triggered 1 | . 1 . . Indirectly . | . . . . Trap Hack Attempts . | . . . . Triggered . | . . . . Disarmed . | . . . . Reprogrammed . | . . . . Reused . | . . . . Traps Extracted . | . . . . Installed . | . . . . Triggered . | . . . . Machines | -11 -10 -10 -10 ---------- Run | Yrd Mat Min Sub Machines Disabled . | . . . . Max in Single Turn . | . . . . Machines Repaired . | . . . . Machines Dismantled . | . . . . Machines Sabotaged . | . . . . Overloaded Fab Kills . | . . . . Hacking | -11 -10 -10 -10 --------- Run | Yrd Mat Min Sub Machines Accessed 5 | . 5 . . Terminals 3 | . 3 . . Fabricators . | . . . . Repair Stations 1 | . 1 . . Recycling Units 1 | . 1 . . Scanalyzers . | . . . . Garrison Access . | . . . . Total Hacks 9 | . 9 . . Successful 3 | . 3 . . Failed 6 | . 6 . . Catastrophic 2 | . 2 . . Database Lockouts . | . . . . Manual 5 | . 5 . . Terminals 5 | . 5 . . Fabricators . | . . . . Repair Stations 3 | . 3 . . Recycling Units 1 | . 1 . . Scanalyzers . | . . . . Garrison Access . | . . . . Terminal Hacks . | . . . . Fabricator Hacks . | . . . . Repair Station Hacks 2 | . 2 . . Scan Component 1 | . 1 . . Repair 1 | . 1 . . Recycling Unit Hacks 1 | . 1 . . Report Inventory 1 | . 1 . . Scanalyzer . | . . . . Garrison Access Hacks . | . . . . Unauthorized Hacks . | . . . . Terminals . | . . . . Fabricators . | . . . . Repair Stations . | . . . . Recycling Units . | . . . . Scanalyzers . | . . . . Garrison Access . | . . . . Data Cores Recovered . | . . . . Used . | . . . . Hacking Detections 4 | . 4 . . Full Trace Events 3 | . 3 . . Feedback Events 1 | . 1 . . Corruption 1 | . 1 . . Feedback Blocked . | . . . . Robot Schematics Acquired . | . . . . Robots Built . | . . . . Authchips . | . . . . Time . | . . . . Total Robot Build Rating . | . . . . Part Schematics Acquired . | . . . . Parts Built . | . . . . Authchips . | . . . . Time . | . . . . Total Part Build Rating . | . . . . Part Studies Acquired . | . . . . Parts Repaired 1 | . 1 . . Time 26 | . 26 . . Parts Recycled . | . . . . Recycled Matter . | . . . . Retrieved Matter . | . . . . Retrieved Components . | . . . . Parts Scanalyzed . | . . . . Part Schematics Acquired . | . . . . Parts Damaged . | . . . . Bothacking | -11 -10 -10 -10 ------------ Run | Yrd Mat Min Sub Used RIF Installer . | . . . . Robots Hacked 1 | . . 1 . Non-combat 1 | . . 1 . Combat . | . . . . Robot Hacks Applied 2 | . . 2 . parse_system 1 | . . 1 . no_distress 1 | . . 1 . Relay Couplers Released . | . . . . Fabnet Peak Effective % . | . . . . Robots Rewired . | . . . . Allies Hacked . | . . . . Hacks Repelled . | . . . . Allies | -11 -10 -10 -10 -------- Run | Yrd Mat Min Sub Total Allies . | . . . . Largest Group . | . . . . Highest-Rated Group . | . . . . Highest-Rated Ally . | . . . . Total Orders . | . . . . Ally Attacks . | . . . . Total Damage . | . . . . Kills . | . . . . Allies Corrupted . | . . . . Allies Melted . | . . . . Intel | -11 -10 -10 -10 ------- Run | Yrd Mat Min Sub Active Infowar (turns) . | . . . . Robot Analysis Total . | . . . . Derelict Logs Recovered 2 | . . 1 1 Drone Launches . | . . . . Drone Recoveries . | . . . . Exploration | -11 -10 -10 -10 ------------- Run | Yrd Mat Min Sub Turns Passed 1273 | 47 813 234 179 Spaces Moved 750 | 34 453 159 104 Core 13 | 13 . . . Treads . | . . . . Legs 737 | 21 453 159 104 Wheels . | . . . . Hover . | . . . . Flight . | . . . . Fastest Speed 50 | 50 120 120 120 Average Speed 122 | 101 120 120 142 Slowest Speed 190 | 190 120 120 190 Overloaded Moves . | . . . . Propulsion Burnouts . | . . . . Robots Hopped . | . . . . Potential Cave-ins . | . . . . Cave-ins Triggered . | . . . . Exploration Rate (%) 27 | 3 65 31 10 Regions Visited 3 Branch Regions 2 Pre-discovered Areas 1 | . . . 1 Known Exits Taken 2 | . 1 1 . Unknown Exits Taken 1 | 1 . . . Scrap Searched . | . . . . Spaces Dug . | . . . . Terrain Destroyed 30 | . . . 30 Melee . | . . . . Projectile . | . . . . AOE 30 | . . . 30 Terrain Rammed . | . . . . Walls Destroyed . | . . . . Machines Disabled . | . . . . Actions | -11 -10 -10 -10 --------- Run | Yrd Mat Min Sub Total 974 | 46 622 185 121 Wait 87 | . 84 3 . Move 747 | 33 452 158 104 Hop . | . . . . Pick Up 29 | 7 15 6 1 Fast Attach 2 | . . 1 1 Attach 12 | 6 4 . 2 Detach 1 | . 1 . . Swap 9 | . 6 1 2 Drop 14 | . 6 5 3 Fire 67 | . 50 9 8 Melee 2 | . . 2 . Ram . | . . . . Kick 4 | . 4 . . Crush . | . . . . Escape Stasis . | . . . . Rewire . | . . . . Trap . | . . . . Miscellaneous . | . . . . Route ------- -11/Scrapyard -10/Materials (discovered 3 exits: *Mat x2 / *Min) -10/Mines -10/Subcaves History --------- Turn | Location | Event 6 | -11/Scrapyard | Discovered new exit (range 14) 48 | -11/Scrapyard | Entered Materials 300 | -10/Materials | Discovered new exit (range 15) 346 | -10/Materials | Build established: Mutant 366 | -10/Materials | Repaired Ion Engine 407 | -10/Materials | Identified exit to Materials 487 | -10/Materials | Discovered exit to Materials (range 15) 604 | -10/Materials | Discovered new exit (range 8) 613 | -10/Materials | Identified exit to Mines 861 | -10/Materials | Entered Mines 955 | -10/Mines | Assembled infested the area 982 | -10/Mines | Core integrity fell below 50% 1035 | -10/Mines | Learned Materials terminal intel 1091 | -10/Mines | Discovered new exit (range 5) 1093 | -10/Mines | Identified exit to Subcaves 1095 | -10/Mines | Entered Subcaves 1114 | -10/Subcaves | Learned location of Mines (-9) 1185 | -10/Subcaves | Core integrity fell below 20% 1260 | -10/Subcaves | Ambushed by swarm of Subdwellers 1274 | -10/Subcaves | Destroyed by TX-WFQ(R) with Subdweller Machine Gun Last Messages --------------- 01181_ HV Slug penetrates Wall. 01181_ Lgt. Nuclear Core destroyed. 01181_ BE-1NZ(R) suffers critical hit (Burn). 01184_ HV Slug penetrates Wall. 01190_ HV Slug penetrates BE-1NZ(R). 01190_ BE-1NZ(R) destroyed. 01190_ HV Slug penetrates Twisted Machinery. 01190_ HV Slug penetrates Wall. 01192_ LU-80E(u) builds Twisted Machinery. 01194_ The unstable cave ceiling collapses. 01195_ Acquired 2 matter. 01200_ LU-80E(u) builds Twisted Machinery. 6H-0KO(R) comes tumbling into view. 01264_ LU-80E(u) builds Twisted Machinery. 01267_ LU-80E(u) cries out in pain. 01267_ LU-80E(u) destroyed. 01270_ Aluminum Leg destroyed. 01273_ 8G-C8E(R) destroyed. 01273_ ST-D3O(R) destroyed. 01273_ 6H-0KO(R) destroyed. Map ----- +----------------------------------------------------+ | ?????????????????????????????????????????????????? | | ?????????????????????????????????????????????????? | | ?????????????????????????????????????????????????? | | ?????????????????????????????????????????????????? | | ?????????????????????????????????????????????????? | | ?????????????????????????????????????????????????? | | ?????????????????????????????????????????????????? | | ?????????????????????????????????????????????????? | | ?????????????????????????????????????????????????? | | ?????????????????????????????????????????????????? | | ?????????????????????????????????????????????????? | | ?????????????????????????????????????????????????? | | ?????????????????????????????????????????????????? | | ?????????????????????????????????????????????????? | | ?????????????????????????????????????????????????? | | ?????????????????????????????????????????????????? | | ?????????????????????????????????????????????????? | | #????????????????????????????????????????????????? | | ####??????###????###???????????????????????????? | | # #######"###### ##??????????????????????????? | | ## #"""## #??????????????????????????? | | " # """ """"" #####??????????????????????? | | ""####"" " """"""""" # #??????????????????????? | | """#?# " # """" #??????????????????????? | | "" "## ### ""R! ##?????????????????????? | | ??## = # #?# ! R%%&! @ #?????????????????????? | | ??# # !R R&=& = #?????????????????????? | | ??# ## ] #?????????????????????? | | #?# #########""###### "" ###???????????????????? | | ??# ##??????####????## #???????????????????? | | ?## "#??????????????# ##???????????????????? | | ## ##?????????????## ###????????????????????? | | # %##?????????????# ###??????????????????????? | | # #?????????????# #????????????????????????? | | # % ##?????????????## #????????????????????????? | | [ #???????????????###????????????????????????? | | #??????????????????????????????????????????? | | ####??????????????????????????????????????????? | | ##?????????????????????????????????????????????? | | ###??????????????????????????????????????????????? | | #????????????????????????????????????????????????? | | ##???????????????????????????????????????????????? | | #???????????????????????????????????????????????? | | ##???????????????????????????????????????????????? | | #????????????????????????????????????????????????? | | ?????????????????????????????????????????????????? | | ?????????????????????????????????????????????????? | | ???? ????????????????????????????????????????????? | | ??? #????????????????????????????????????????????? | | ?? ##???????????????????????????????????????????? | +----------------------------------------------------+ Best States ------------- Heat Dissipation 25 Energy Generation 14 Energy Capacity 250 Matter Stores 300 Matter Capacity 300 Sight Range 16 Terrain Scan Density 10 Evasion (%) 55 Item Schematics ----------------- None Robot Schematics ------------------ None Fabricated ------------ Nothing Repaired ---------- Ion Engine | 60% | -10/Materials Studied --------- None Alien Tech Used ----------------- None Achievements -------------- None Challenges ------------ None Game ------ Seed SlugRecoilInterpreter Manual? 0 Play Time 00:16:53 Cumulative 12.1 hours Start 2026.04.09 @ 02:22:30 End 2026.04.09 @ 03:31:08 Sessions 1 Manual Loads 0 Difficulty Rogue Special Mode None Game No. 21 Rogue 21 Adventurer 0 Explorer 0 Win Type - Total 0 Types 0/0/0/0/0/0/0/0/0/0 Lore% 10 Gallery% 14 Achievement% 14 Wizard Run 0 Options --------- Layout 1 ASCII 0 Keyboard 0 Movement Mouse Keybinds 0 Fullscreen 1 Font 32/SmallcapsGlow Map View 50x35 Zoom Use 0% Tactical HUD 1 Map Filters NONE Filters NONE Steam 1 RUN: d30c2e9b-678b-4e4e-b408-e8700aa20709